 Dungeon Crawl Stone Soup version 0.28.0-43-g3370ac3207 (webtiles) character file.

Game seed: 1322148349370154238

35 Kaptain the Digger (level 3, -2/23 HPs)
             Began as an Octopode Earth Elementalist on Mar 19, 2022.
             Slain by Terence
             ... wielding a +0 falchion
              (10 damage)
             ... on level 2 of the Dungeon.
             The game lasted 00:03:33 (1737 turns).

Kaptain the Digger (Octopode Earth Elementalist)    Turns: 1737, Time: 00:03:34

Health: -2/23      AC:  1    Str:  7    XL:     3   Next: 33%
Magic:  1/6        EV: 13    Int: 19    God:
Gold:   92         SH:  0    Dex: 12    Spells: 5/6 levels left

rFire   . . .      SeeInvis .   d - +1 dagger (elec)
rCold   . . .      Faith    .   (no shield)
rNeg    . . .      Spirit   .   (helmet restricted)
rPois   .          Reflect  .   (no amulet)
rElec   .          Harm     .   (no ring)
rCorr   .          Rampage  .   (no ring)
Will    .....                   (no ring)
Stlth   +++.......              (no ring)
HPRegen 0.07/turn               (no ring)
MPRegen 0.10/turn               (no ring)
                                (no ring)
                                (no ring)

@: no status effects
A: almost no armour, amphibious, 8 rings, camouflage 1, gelatinous body 1,
(nimble swimmer 1), tentacles
a: no special abilities


You were on level 2 of the Dungeon.
You visited 1 branch of the dungeon, and saw 2 of its levels.

You collected 92 gold pieces.

Inventory:

Hand Weapons
 a - a +0 short sword
 d - a +1 dagger of electrocution (weapon)
Missiles
 b - 63 stones
Scrolls
 c - 2 scrolls of holy word {unknown}
 f - a scroll of identify {unknown}
 g - a scroll of brand weapon {unknown}
Potions
 e - a potion of attraction {unknown}


   Skills:
 * Level 1.2 Fighting
 + Level 2.3 Dodging
 + Level 2.9 Stealth
 * Level 2.2 Spellcasting
 * Level 0.9 Conjurations
 - Level 1.0 Transmutations
 * Level 3.2 Earth Magic


You had 5 spell levels left.
You knew the following spells:

 Your Spells              Type           Power      Damage    Failure   Level
a - Sandblast             Erth           28%        2d8       4%          1

Your spell library contained the following spells:

 Spells                   Type           Power      Damage    Failure   Level
 Passwall                 Tmut/Erth      8%         N/A       11%         2
 Stone Arrow              Conj/Erth      20%        3d8       21%         3
 Petrify                  Tmut/Erth      10%        N/A       56%         4


Dungeon Overview and Level Annotations

Branches:
Dungeon (2/15)

Altars:

Annotations:
D:2 Terence


Innate Abilities, Weirdness & Mutations

You cannot wear most types of armour.
You are amphibious.
You can wear up to eight rings at the same time.
Your skin changes colour to match your surroundings (Stealth+).
Your rubbery body absorbs attacks. (AC +1, EV +1)
((You are camouflaged when in or above water. (Stealth+)))
You have tentacles for arms and can constrict up to eight enemies at once.


Message History

Terence is lightly wounded.
Terence hits you with a +0 falchion!
Casting: Sandblast (safe; 4% risk of failure)
Confirm with . or Enter, or press ? or * to list all spells.
Aiming: Sandblast (safe; 4% risk of failure)
Press: ? - help, Shift-Dir - straight line, f/p - Terence
Aim: Terence, wielding a +0 falchion and wearing a +0 ring mail (lightly wounded, 82% to hit)
The blast of sand hits Terence.
Terence is moderately wounded.
Terence barely misses you.
Casting: Sandblast (safe; 4% risk of failure)
Confirm with . or Enter, or press ? or * to list all spells.
Aiming: Sandblast (safe; 4% risk of failure)
Press: ? - help, Shift-Dir - straight line, f/p - Terence
Aim: Terence, wielding a +0 falchion and wearing a +0 ring mail (moderately wounded, 82% to hit)
The blast of sand hits Terence.
Terence is moderately wounded.
Terence completely misses you.
You hit Terence but do no damage. You grab Terence. You squeeze Terence.
Terence is heavily wounded.
You constrict Terence, but do no damage.
Terence closely misses you.
You hit Terence but do no damage.
Terence is heavily wounded.
You constrict Terence, but do no damage.
Terence hits you with a +0 falchion!
You barely miss Terence.
Terence is heavily wounded.
You constrict Terence, but do no damage.
Terence misses you.
You hit Terence.
Terence is heavily wounded.
You constrict Terence. Terence closely misses you.
You hit Terence but do no damage.
Terence is severely wounded.
You constrict Terence. Terence barely misses you.
You hit Terence but do no damage. You squeeze Terence, but do no damage.
Terence is severely wounded.
You constrict Terence. Terence hits you with a +0 falchion!
You die...

######################
................@@...#
#..........########..#
#..........# #
#..........#
#..........#
#...†......#
#..........#
'..........+
#..........


You could see Terence.

Vanquished Creatures
  A worm (D:2)
  2 endoplasms (D:1)
  A giant cockroach (D:1)
  3 goblins
  3 hobgoblins (D:1)
  A quokka (D:1)
  7 ball pythons (D:1)
  A bat (D:1)
  2 frilled lizards
  5 kobolds (D:1)
  6 rats
32 creatures vanquished.

Notes
Turn   | Place    | Note
-------+----------+-------------------------------------------
     0 | D:1      | Kaptain the Octopode Earth Elementalist began the quest for
                  | the Orb.
     0 | D:1      | Reached XP level 1. HP: 11/11 MP: 3/3
   391 | D:1      | Reached XP level 2. HP: 14/18 MP: 1/5
  1011 | D:1      | Reached XP level 3. HP: 21/22 MP: 6/6
  1094 | D:1      | Reached skill level 1 in Fighting
  1721 | D:2      | Noticed Terence
  1737 | D:2      | Slain by Terence

Illustrated notes

Levels and vault maps discovered:
D:1:      psy_arrival_conway, layout_basic
D:2:      layout_basic, minmay_misc_feat_pillars, uniq_terence,
          uniq_crazy_yiuf_cottage

Skill      XL: |  1  2  3 |
---------------+----------+-----
Fighting       | 1 |  1.2
Dodging        | |  2.3
Stealth        | |  2.9
Spellcasting   | |  2.2
Conjurations   | |  0.9
Transmutations | |  1.0
Earth Magic    | |  3.2

Action                   || total
-------------------------++-------
Melee: Short sword       ||    13
       Unarmed           ||     7
       Constrict         ||     9
       Tentacles         ||     7
       Dagger            ||    26
       Punch             ||     1
 Cast: Sandblast         ||    27
 Stab: Sleeping          ||     5
Dodge: Dodged            ||    35
